 Dungeon Crawl Stone Soup version 0.30-a0-414-gcb316572d5 (webtiles) character file.

Game seed: 18322574936495497570

22 McMuffin the Trooper (level 2, -1/27 HPs)
             Began as a Hill Orc Fighter on Dec 8, 2022.
             Slain by a gnoll
             ... wielding a +0 flail
              (6 damage)
             ... on level 3 of the Dungeon.
             The game lasted 00:02:05 (285 turns).

McMuffin the Trooper (Hill Orc Fighter)              Turns: 285, Time: 00:02:06

Health: -1/27      AC:  7    Str: 18    XL:     2   Next: 91%
Magic:  2/2        EV:  9    Int:  8    God:
Gold:   34         SH:  4    Dex: 10    Spells: 1/1 levels left

rFire   . . .      SeeInvis .    a - +0 war axe
rCold   . . .      Faith    .    c - +0 buckler
rNeg    . . .      Spirit   .    b - +0 scale mail
rPois   .          Reflect  .    (no helmet)
rElec   .          Harm     .    (no cloak)
rCorr   .          Rampage  .    (no gloves)
Will    .....                    (no boots)
Stlth   ..........               (no amulet)
HPRegen 0.24/turn                (no ring)
MPRegen 0.08/turn                (no ring)

@: no status effects
A: no striking features
a: no special abilities


You were on level 3 of the Dungeon.
You visited 1 branch of the dungeon, and saw 4 of its levels.

You collected 34 gold pieces.

Inventory:

Hand Weapons
 a - a +0 war axe (weapon)
Armour
 b - a +0 scale mail (worn)
 c - a +0 buckler (worn)
Scrolls
 e - a scroll of identify {unknown}
Potions
 d - 2 potions of might


   Skills:
 + Level 3.8 Fighting
 + Level 2.9 Axes
 + Level 3.8 Armour
 + Level 0.1 Dodging
 + Level 3.6 Shields


You had one spell level left.
You didn't know any spells.
Your spell library was empty.

Dungeon Overview and Level Annotations

Branches:
Dungeon (4/15)
 Temple: D:4-7

Altars:

Annotations:
D:3 Sigmund


Message History

You kill the quokka!
You barely miss the adder. The adder bites you.
The goblin unwields a +0 club.
The goblin wields a +0 sling.
The goblin shoots a sling bullet.
The sling bullet hits you. The adder bites you.
The goblin unwields a +0 sling.
The goblin wields a +0 club.
The goblin barely misses you. The adder barely misses you.
There is an open door, spattered with blood here.
You barely miss the goblin. You hit the adder.
A gnoll opens the door.
The adder bites you but does no damage. The goblin hits you with a +0 club.
A gnoll comes into view. It is wielding a +0 flail.
The adder bites you but does no damage.
You closely miss the goblin.
The gnoll shouts!
You hit the adder but do no damage. The goblin hits you with a +0 club.
The adder barely misses you. The goblin hits you with a +0 club.
You slash the goblin!
You kill the goblin!
You slash the adder!
You kill the adder!
The gnoll throws a throwing net.
The throwing net hits you.
You become entangled in the net!
The rat bites you.
* * * LOW HITPOINT WARNING * * *
You struggle against the net.
The rat bites you but does no damage.
You struggle against the net.
A hobgoblin comes into view.
The rat bites you but does no damage.
You struggle against the net.
The hobgoblin shouts!
You hear a shout!
The rat bites you but does no damage.
You hear a shout! x2
You shred the net and break free! The rat bites you.
* * * LOW HITPOINT WARNING * * *
You hit the rat.
You kill the rat!
You hit the gnoll but do no damage. The gnoll hits you with a +0 flail.
* * * LOW HITPOINT WARNING * * *
You hit the gnoll.
The gnoll is moderately wounded.
You block the gnoll's attack. The gnoll hits you with a +0 flail.
You die...

..## ##.## ...#
#...# ... ##.#.##
#.##..#..###
#####....###...#
........>#####'#####
##########.........#
#.8..8..8.#
#....@....#
##+##g##+## #..#g.#
#.# ...# ..# #...#
##. #..# # #'# .# #


You could see a gnoll and a hobgoblin.

Vanquished Creatures
  An adder (D:3)
  An endoplasm (D:1)
  A giant cockroach (D:4)
  A jackal (D:4)
  A quokka (D:3)
  2 ball pythons
  A frilled lizard (D:1)
  2 goblins
  4 rats
14 creatures vanquished.

Vanquished Creatures (others)
  A plant (D:1)
1 creature vanquished.

Grand Total: 15 creatures vanquished

Notes
Turn   | Place    | Note
-------+----------+-------------------------------------------
     0 | D:1      | McMuffin the Hill Orc Fighter began the quest for the Orb.
     0 | D:1      | Reached XP level 1. HP: 19/19 MP: 1/1
   172 | D:2      | You fall into a shaft and drop 2 floors!
   184 | D:3      | Noticed Sigmund
   192 | D:4      | Reached XP level 2. HP: 22/27 MP: 2/2
   285 | D:3      | Slain by a gnoll

Illustrated notes

Levels and vault maps discovered:
D:1:      lightli_arrival_statuegarden, layout_basic
D:2:      layout_basic, serial_shops, nicolae_shop_overgrown_old_shop
D:3:      minmay_chambers_of_threes, layout_basic, ebering_ghost_rock_garden,
          uniq_sigmund
D:4:      layout_loops_ring, corexii_checkpoint_b, corexii_hall_statues_u,
          chequers_serial_rivers_small_a, hangedman_decor_clover_reticule

Action                   || total
-------------------------++-------
Melee: War axe           ||    36
Armor: Scale mail        ||    19
Dodge: Dodged            ||    19
Block: Buckler           ||    14

Table legend: (Time is in decaauts)
 A = Elapsed time spent in this place.
 B = Non-inter-level travel time spent in this place.
 C = Inter-level travel time spent in this place.
 D = Time resting spent in this place.
 E = Time spent auto-exploring this place.
 F = Levels seen in this place.
 G = Mean time per level.
                   A        B        C        D        E       F      G
               +--------+--------+--------+--------+--------+-----+--------+
         Total |    298 |    298 |      0 |     15 |      0 |   4 |   74.5 |
       Dungeon |    298 |    298 |      0 |     15 |      0 |   4 |   74.5 |
               +--------+--------+--------+--------+--------+-----+--------+

Top non-repeatable levels by time:
     D:1: 125 daAuts
     D:4: 68 daAuts
     D:2: 53 daAuts
     D:3: 51 daAuts
